 Dungeon Crawl Stone Soup version 0.29.1-1-gd02db6906a (webtiles) character file.

Game seed: 11741069652138403176

920 Icepheonix32 the Covered (level 7, -3/63 HPs)
             Began as a Minotaur Fighter on Sept 20, 2022.
             Was an Initiate of Hepliaklqana.
             Slain by Menkaure (18 damage)
             ... on level 5 of the Dungeon.
             The game lasted 00:05:07 (3947 turns).

Icepheonix32 the Covered (Minotaur Fighter)         Turns: 3947, Time: 00:05:07

Health: -3/63      AC: 12    Str: 22    XL:     7   Next: 83%
Magic:  6/6        EV: 11    Int: 10    God:    Hepliaklqana [......]
Gold:   278        SH:  4    Dex: 10    Spells: 6/6 levels left

rFire   . . .      SeeInvis .   q - +7 dagger of Malaise {flame, *Rage rElec Int+5}
rCold   . . .      Faith    .   c - +0 buckler
rNeg    . . .      Spirit   .   D - +3 leather armour
rPois   +          Reflect  .   (helmet restricted)
rElec   +          Harm     .   C - +0 cloak
rCorr   .          Rampage  .   (no gloves)
Will    .....      Rage     20% (no boots)
Stlth   +.........              (no amulet)
HPRegen 0.20/turn               f - ring of poison resistance
MPRegen 0.10/turn               u - +4 ring of protection

@: mighty, on berserk cooldown
A: horns 2, retaliatory headbutt
a: Renounce Religion


You were on level 5 of the Dungeon.
You worshipped Hepliaklqana.
Hepliaklqana was noncommittal.
You visited 2 branches of the dungeon, and saw 6 of its levels.

You collected 278 gold pieces.

Inventory:

Hand Weapons
 a - a +0 war axe
 q - the +7 dagger of Malaise (weapon) {flame, *Rage rElec Int+5}
   (You took it off a hobgoblin on level 2 of the Dungeon)

   It burns those it strikes, dealing additional fire damage.
   Int:       It affects your intelligence (+5).
   rElec:     It insulates you from electricity.
   *Rage:     It berserks you when you make melee attacks (+20% chance).
Missiles
 t - 2 boomerangs (quivered)
 E - 2 throwing nets
Armour
 b - a +0 scale mail
 c - a +0 buckler (worn)
 C - a +0 cloak (worn)
 D - a +3 leather armour (worn)
Jewellery
 f - a ring of poison resistance (left hand)
 r - a ring of wizardry
 u - a +4 ring of protection (right hand)
Wands
 g - a wand of acid (8)
 m - a wand of flame (26)
 z - a wand of digging (4)
Scrolls
 h - 6 scrolls of butterflies
 i - 6 scrolls of identify {unknown}
 k - 2 scrolls of noise {unknown}
 n - a scroll of teleportation {unknown}
 v - a scroll of enchant weapon {unknown}
 x - a scroll of amnesia {unknown}
 y - a scroll of fear {unknown}
Potions
 d - a potion of might
 e - a potion of berserk rage {unknown}
 j - 2 potions of haste {unknown}
 l - a potion of invisibility {unknown}
 o - 4 potions of curing {unknown}
 p - a potion of resistance {unknown}
 s - 2 potions of brilliance
 w - a potion of heal wounds {unknown}
 A - a potion of degeneration {unknown}


   Skills:
 * Level 6.2 Fighting
 + Level 3.8 Short Blades
 - Level 4.4 Axes
 + Level 2.2 Throwing
 + Level 6.6 Armour
 + Level 1.6 Dodging
 + Level 0.1 Stealth
 + Level 4.6 Shields


You had 6 spell levels left.
You didn't know any spells.
Your spell library was empty.

Dungeon Overview and Level Annotations

Branches:
Dungeon (5/15)             Temple (1/1) D:4

Altars:
Ashenzari
Dithmenos
Fedhas
Gozag
Hepliaklqana
Kikubaaqudgha
Makhleb
Nemelex Xobeh
Qazlal
Ru
Sif Muna
Uskayaw
Wu Jian
Xom
Yredelemnul
Zin

Annotations:
D:5 Menkaure


Innate Abilities, Weirdness & Mutations

You have a pair of horns on your head.
You reflexively headbutt those who attack you in melee.


Message History

You are no longer berserk.
You are exhausted.
You feel yourself slow down.
Found a scroll labelled MOUPIO RESYU.
The jelly jiggles.
The jelly hits you but does no damage.
You hit the jelly. You burn the jelly.
Your hands burn!
The jelly is moderately wounded.
You are no longer corroded.
The jelly hits you but does no damage.
You hit the jelly. You burn the jelly.
Your hands burn!
You headbutt the jelly.
You kill the jelly!
No target in view!
Found 5 stones.
Found a robe.
You see here 5 stones.
Found two stone staircases leading up.
Menkaure and a jelly come into view.
Menkaure shouts!
The jelly quivers.
Menkaure grins.
Menkaure shouts, "The sands of time shall wipe you from history!"
You hear the slow rusting of a drain very nearby.
You feel yourself speed up.
Menkaure gestures at you while chanting.
Pain shoots through your body!
You hit the jelly. You burn the jelly.
Your hands burn!
The jelly is heavily wounded.
The jelly completely misses you.
You feel very mighty all of a sudden.
Menkaure calls on the powers of darkness!
The jelly convulses!
Your body is wracked with pain!
The jelly hits you.
You are splashed with acid!
* * * LOW HITPOINT WARNING * * *
You barely miss the jelly. You headbutt the jelly.
You kill the jelly!
You barely miss Menkaure. You puncture Menkaure! You burn Menkaure!
Menkaure is almost destroyed.
Menkaure hits you!!
You die...

*,* *,~,,~**,~~* *,*
**,,,***,.~# *,*##*
***#####~.# ,,,?.#*
*..#....# *###..######
*#......## *#.........#
#.......#
##...>.....#######.......#
...............(.#.......#
##.........#####@M..[...#*
...........# ###.......#
*#.........# #.......#
#.........# #.......#
#.........# ##.<...##
##.......).# *#<..##
........#### *####
######.....# #.....##


You could see Menkaure.

Vanquished Creatures
  Sigmund (D:2)
  Eustachio (D:4)
  Edmund (D:4)
  A black bear (D:5)
  Blork the orc (D:4)
  A scorpion (D:4)
  3 jellies (D:5)
  An orc wizard (D:3)
  Ijyb (D:4)
  4 gnolls (D:4)
  3 adders
  An ufetubus (D:3)
  A worm (D:2)
  3 dart slugs
  6 orcs (D:3)
  6 endoplasms
  3 giant cockroaches
  6 goblins
  6 hobgoblins
  22 jackals
  2 ball pythons (D:1)
  5 bats
  2 frilled lizards (D:2)
  7 kobolds
  4 rats
92 creatures vanquished.

Vanquished Creatures (others)
  2 fungi (D:1)
2 creatures vanquished.

Grand Total: 94 creatures vanquished

Notes
Turn   | Place    | Note
-------+----------+-------------------------------------------
     0 | D:1      | Icepheonix32 the Minotaur Fighter began the quest for the
                  | Orb.
     0 | D:1      | Reached XP level 1. HP: 19/19 MP: 0/0
   287 | D:1      | Reached XP level 2. HP: 23/27 MP: 1/1
   845 | D:1      | Reached XP level 3. HP: 33/33 MP: 2/2
  1381 | D:2      | Noticed Sigmund
  1382 | D:2      | Found a faded altar of an unknown god.
  1382 | D:2      | Noticed a golden eye
  1389 | D:2      | Killed Sigmund
  1390 | D:2      | Reached skill level 5 in Armour
  1390 | D:2      | Reached XP level 4. HP: 19/41 MP: 3/3
  1390 | D:2      | Reached XP level 5. HP: 21/47 MP: 4/4
  1565 | D:2      | Noticed a great orb of eyes
  1565 | D:2      | Noticed a golden eye
  1565 | D:2      | Noticed a floating eye
  1582 | D:2      | Found a hide-covered altar of Uskayaw.
  1878 | D:2      | Reached skill level 5 in Fighting
  1925 | D:2      | Identified the +7 dagger of Malaise {flame, *Rage rElec
                  | Int+5}
  2156 | D:3      | Reached skill level 1 in Dodging
  2159 | D:3      | Reached XP level 6. HP: 56/56 MP: 5/5
  2772 | D:4      | Noticed Ijyb
  2781 | D:4      | Killed Ijyb
  3019 | D:4      | Noticed Eustachio
  3050 | D:4      | Killed Eustachio
  3051 | D:4      | Reached skill level 1 in Short Blades
  3051 | D:4      | Reached skill level 1 in Throwing
  3200 | D:4      | Reached XP level 7. HP: 62/62 MP: 6/6
  3391 | D:4      | Noticed Edmund
  3399 | D:4      | Killed Edmund
  3541 | D:4      | Noticed Blork the orc
  3552 | D:4      | Killed Blork the orc
  3553 | D:4      | Found a staircase to the Ecumenical Temple.
  3598 | Temple   | Entered the Ecumenical Temple
  3826 | Temple   | Became a worshipper of Hepliaklqana the Forgotten
  3895 | D:5      | Entered Level 5 of the Dungeon
  3938 | D:5      | Noticed Menkaure
  3947 | D:5      | Slain by Menkaure

Illustrated notes

Levels and vault maps discovered:
D:1:      dpeg_cavernosity, layout_loops_ring, hangedman_decor_growths
D:2:      layout_rooms, hellmonk_ecumenical_altar_watching_god, basic_altar,
          kennysheep_big_empty_room, nicolae_figureground_pulse, uniq_sigmund
D:3:      layout_rooms, minivault_19, dreamdust_wishing_well, bh_walls_and_bars
D:4:      layout_loops_cross, temple_hall, nicolae_eternal_life, uniq_eustachio,
          uniq_edmund, uniq_ijyb, uniq_blork_the_orc
D:5:      layout_rooms, grunt_temple_overflow_open, gup_sewer_entry_pipe,
          minmay_ruined_shrine, uniq_menkaure
Temple:   nicolae_temple_slightly_damp_pantheon

Skill      XL: |  1  2  3  4  5  6  7 |
---------------+----------------------+-----
Armour         | 4 5 6 |  6.6
Fighting       | 4 5 6 |  6.2
Axes           | 4 |  4.4
Shields        | 4 |  4.6
Dodging        | 1 |  1.6
Short Blades   | 2 3 |  3.8
Throwing       | 1 2 |  2.2
Stealth        | |  0.1

Action                   |  1- 3 |  4- 6 |  7- 9 || total
-------------------------+-------+-------+-------++-------
Melee: War axe           |    73 |    29 |       ||   102
       Headbutt          |    11 |    15 |     5 ||    31
       Dagger            |       |    71 |    25 ||    96
Throw: Boomerang         |       |    16 |       ||    16
  Use: Potion            |     1 |       |     1 ||     2
       Scroll            |       |     2 |     1 ||     3
Armor: Scale mail        |    36 |    42 |       ||    78
       Leather armour    |       |     2 |     8 ||    10
Dodge: Dodged            |    36 |    44 |     9 ||    89
Block: Buckler           |    16 |    23 |     3 ||    42
